 Dungeon Crawl Stone Soup version 0.29-a0-1047-g7c58e119a4 (webtiles) character file.

Game seed: 1653496882239616806

28 nickcage the Poker (level 3, -4/27 HPs)
             Began as a Merfolk Gladiator on Aug 16, 2022.
             Slain by Terence
             ... wielding a +0 flail
              (9 damage)
             ... on level 1 of the Dungeon.
             The game lasted 00:02:49 (932 turns).

nickcage the Poker (Merfolk Gladiator)               Turns: 932, Time: 00:02:49

Health: -4/27      AC:  6    Str: 16    XL:     3   Next: 14%
Magic:  3/3        EV: 12    Int:  7    God:
Gold:   121        SH:  0    Dex: 15    Spells: 2/2 levels left

rFire   . . .      SeeInvis .   a - +0 trident
rCold   . . .      Faith    .   (no shield)
rNeg    . . .      Spirit   .   m - +0 ring mail
rPois   .          Reflect  .   c - +0 helmet
rElec   .          Harm     .   (no cloak)
rCorr   .          Rampage  .   (no gloves)
Will    .....                   (no boots)
Stlth   +.........              (no amulet)
HPRegen 0.09/turn               (no ring)
MPRegen 0.08/turn               (no ring)

@: no status effects
A: (nimble swimmer 2), mertail
a: no special abilities


You were on level 1 of the Dungeon.
You visited 1 branch of the dungeon, and saw 2 of its levels.

You collected 121 gold pieces.

Inventory:

Hand Weapons
 a - a +0 trident (weapon)
Missiles
 d - 3 throwing nets
 e - 4 javelins (quivered)
Armour
 b - a +0 leather armour
 c - a +0 helmet (worn)
 m - a +0 ring mail (worn)
Scrolls
 i - a scroll of brand weapon {unknown}
Potions
 f - 2 potions of curing {unknown}
 g - a potion of lignification {unknown}
 h - a potion of berserk rage {unknown}
 j - a potion of mutation {unknown}
 k - a potion of heal wounds {unknown}
 l - a potion of haste {unknown}


   Skills:
 - Level 2.1 Fighting
 + Level 5.4 Polearms
 - Level 2.0 Throwing
 - Level 4.2 Dodging


You had 2 spell levels left.
You didn't know any spells.
Your spell library was empty.

Dungeon Overview and Level Annotations

Branches:
Dungeon (2/15)

Altars:

Annotations:
D:1 Jessica, Terence


Innate Abilities, Weirdness & Mutations

((You are very nimble when in or above water. (Stealth+, EV+, Speed+++)))
Your lower body shifts to a powerful aquatic tail in water.


Message History

You continue putting on your +0 ring mail. x5
You finish putting on your +0 ring mail.
You now have 121 gold pieces (gained 2).
Terence the Incautious comes into view.
He is wielding a +0 flail and wearing a +4 scale mail of willpower.
You throw a javelin. The javelin closely misses Terence.
Jessica the Apprentice Sorceress comes into view.
She is wielding a +0 dagger and carrying a wand of light (10).
Jessica shouts!
Jessica casts a spell at you. Pain shoots through your body!
You closely miss Terence. Terence misses you.
You closely miss Terence. Terence hits you with a +0 flail.
You closely miss Terence. Terence hits you with a +0 flail!
You hit Terence.
Terence is moderately wounded.
Terence hits you but does no damage. Jessica attacks as you move away!
Jessica closely misses you. Terence hits you but does no damage.
Terence attacks as you move away! Terence closely misses you.
Jessica attacks as you move away! Jessica hits you but does no damage.
Jessica attacks as you move away! Jessica misses you.
There is an escape hatch in the ceiling here.
Terence barely misses you. Jessica hits you with a +0 dagger.
A mysterious force pulls you upwards. The hatch slams shut behind you.
You hit Terence but do no damage.
Terence is lightly wounded.
Jessica hits you but does no damage. Terence closely misses you.
You barely miss Terence.
Terence is lightly wounded.
Jessica zaps a wand.
The bolt of light misses you. Terence hits you with a +0 flail.
You hit Terence but do no damage.
Terence is lightly wounded.
Jessica hits you with a +0 dagger. Terence hits you with a +0 flail.
* * * LOW HITPOINT WARNING * * *
You hit Terence but do no damage.
Terence is lightly wounded.
Jessica hits you with a +0 dagger.
* * * LOW HITPOINT WARNING * * *
Terence hits you with a +0 flail!
You die...

....#......#.........#.##.## ###
...........#........##.##..# ##..
###..#.#.#.+........##.#...###...
..#..#.#...#......#....##........
..'..#.....+....##....##..<......
..##.#.....#....##.....#........#
.....##.....)##..#.........##....
#....##......###@#....#...#####..
.....##.....รท.##@@....##...# ##.
##...##.......###.....###..## ##
##...###....#+###.....# #...# ##
........###...........# ##..####.
^.....#.#.............# #.......
......#.#.#........#### ####.....
......#.#.#.#.......# #........
......#.#.#.........# #........
......#.#.#.........# #......[.


You could see Terence and Jessica.

Vanquished Creatures
  2 dart slugs (D:1)
  A ball python (D:1)
  4 endoplasms
  2 goblins (D:1)
  A hobgoblin (D:1)
  2 jackals (D:2)
  3 kobolds
  A quokka (D:2)
  2 bats
  2 frilled lizards (D:2)
20 creatures vanquished.

Notes
Turn   | Place    | Note
-------+----------+-------------------------------------------
     0 | D:1      | nickcage the Merfolk Gladiator began the quest for the Orb.
     0 | D:1      | Reached XP level 1. HP: 16/16 MP: 1/1
   125 | D:1      | Reached XP level 2. HP: 22/22 MP: 2/2
   580 | D:2      | Reached skill level 5 in Polearms
   677 | D:2      | Reached XP level 3. HP: 13/27 MP: 3/3
   911 | D:2      | Noticed Terence
   913 | D:2      | Noticed Jessica
   932 | D:1      | Slain by Terence

Illustrated notes

Levels and vault maps discovered:
D:1:      dpeg_arrival_arbitrary_b, layout_basic
D:2:      layout_rooms, hellmonk_ecumenical_altar_arch_garden,
          nicolae_concentric_dashed_squares_mild, uniq_crazy_yiuf_cottage,
          uniq_jessica, uniq_terence

Skill      XL: |  1  2 |
---------------+-------+-----
Polearms       | 5 |  5.4
Fighting       | |  2.1
Throwing       | |  2.0
Dodging        | |  4.2

Action                   || total
-------------------------++-------
Melee: Trident           ||    53
Throw: Javelin           ||     1
 Stab: Sleeping          ||     3
Armor: Leather armour    ||     8
       Ring mail         ||     4
Dodge: Dodged            ||    34

Table legend: (Time is in decaauts)
 A = Elapsed time spent in this place.
 B = Non-inter-level travel time spent in this place.
 C = Inter-level travel time spent in this place.
 D = Time resting spent in this place.
 E = Time spent auto-exploring this place.
 F = Levels seen in this place.
 G = Mean time per level.
                   A        B        C        D        E       F      G
               +--------+--------+--------+--------+--------+-----+--------+
         Total |    934 |    911 |     23 |     58 |    699 |   2 |  467.0 |
       Dungeon |    934 |    911 |     23 |     58 |    699 |   2 |  467.0 |
               +--------+--------+--------+--------+--------+-----+--------+

Top non-repeatable levels by time:
     D:1: 577 daAuts
     D:2: 357 daAuts
